 Zot Defence DCSS version 0.15.2 (webtiles) character file.

26 BluebellGnoll the Magician (level 2, -2/33 HPs)
             Began as a Deep Dwarf Wizard on Sept 24, 2015.
             Incinerated by Kimnias (4 damage)
             ... with a sticky flame
             ... in the Realm of Zot (Scenario V: Glassed Sandwich).
             The game lasted 00:03:23 (292 turns).

BluebellGnoll the Magician (Deep Dwarf Wizard)       Turns: 292, Time: 00:03:23

HP  -2/33        AC  2     Str 15      XL: 2   Next: 89%
MP   5/6         EV 12     Int 18      God:
Gold 0           SH  0     Dex 11      Spells:  1 memorised,  7 levels left

rFire  . . .     SeeInvis .     (no weapon)
rCold  . . .     Clarity  .     a - +0 robe
rNeg   . . .     rCorr    .     (no shield)
rPois  .         rRot     .     b - +0 hat
rElec  .         Spirit   .     (no cloak)
SustAb .         Warding  .     (no gloves)
rMut   .         Stasis   .     (no boots)
Gourm  .                        (no amulet)
MR     .....                    (no ring)
                                (no ring)

@: berserking (expiring), liquid flames, very slightly contaminated,
non-regenerating, glowing, very quick, not resistant to hostile enchantments,
extremely unstealthy
A: damage resistance, recharge devices, sense surroundings 1, slow healing 3
a: Make oklob sapling, Device Recharging


You were in the Realm of Zot.
You were not hungry.

You visited 1 branch

Inventory:

Armour
 a - a +0 robe (worn)
 b - a +0 hat (worn)
Magical devices
 d - a wand of heal wounds (5)
Comestibles
 f - a bread ration
Scrolls
 k - a scroll of blinking
Potions
 e - a potion of curing
 g - a potion of heal wounds
 h - a potion of haste
Books
 c - a book of Minor Magic

   Spells                             Type                      Level
   *Magic Dart                        Conjuration                  1
   Blink                              Translocation                2
   Call Imp                           Summoning                    2
   Repel Missiles                     Charms/Air                   2
   Slow                               Hexes                        2
   Conjure Flame                      Conjuration/Fire             3
   Mephitic Cloud                     Conjuration/Poison/Air       3


   Skills:
 - Level 2.1 Dodging
 - Level 2.4 Stealth
 + Level 3.6 Spellcasting
 - Level 0.8 Conjurations
   Level 0.8 Summonings
   Level 1.1 Translocations


You had 7 spell levels left.
You knew the following spells:

 Your Spells              Type           Power        Failure   Level  Hunger
a - Magic Dart            Conj           #...         12%         1    None


Dungeon Overview and Level Annotations

Branches:
    Zot (1/1)

Altars:


Innate Abilities, Weirdness & Mutations

You are resistant to damage.
You can recharge devices by infusing magical energy.
You passively map a small area around you.
You do not heal naturally.


Message History

* * * LOW HITPOINT WARNING * * *
The rat bites you but does no damage. Kimnias hits you with a cutlass.
You punch Kimnias!
Kimnias is heavily wounded.
You are covered in liquid flames!
* * * LOW HITPOINT WARNING * * *
The rat bites you.
You closely miss Kimnias.
Kimnias is heavily wounded.
You are covered in liquid flames!
Kimnias barely misses you.
You punch Kimnias!
Kimnias is almost dead.
You are covered in liquid flames!
* * * LOW HITPOINT WARNING * * *
The rat bites you but does no damage. Kimnias hits you but does no damage.
You barely miss Kimnias.
Kimnias is almost dead.
You are covered in liquid flames!
You die...

▓▓▓▓▓▓▓▓▓▓▓▓▓▓▓▓▓▓▓▓▓▓▓▓▓▓▓▓▓▓▓▓▓
.................................
..............▓▓.▓▓..............
.............▓▓...▓▓.............
............▓▓.....▓▓............
...........▓▓.......▓▓...........
..........▓▓.........▓▓..........
▓▓▓▓▓▓▓▓▓▓▓....e%)P...▓▓▓▓▓▓▓▓▓▓▓
∆∆∆∆∆∆▓▓▓▓▓▓▓▓▓r@%▓▓▓▓▓▓▓▓∆∆∆∆∆∆∆
▓▓▓▓▓▓▓▓▓▓▓....)%.....▓▓▓▓▓▓▓▓▓▓▓
..........▓▓...%.....▓▓..........
...........▓▓.......▓▓...........
............▓▓.....▓▓............
.............▓▓...▓▓.............
..............▓▓.▓▓..............
.................................
▓▓▓▓▓▓▓▓▓▓▓▓▓▓▓▓▓▓▓▓▓▓▓▓▓▓▓▓▓▓▓▓▓


You could see Kimnias the deep elf mage, a rat and a friendly oklob sapling.

Vanquished Creatures
  An ooze (Zot)
  2 bats (Zot)
  A giant cockroach (Zot)
  A goblin (Zot)
5 creatures vanquished.

Vanquished Creatures (collateral kills)
  4 bats (Zot)
  A goblin (Zot)
  3 rats (Zot)
8 creatures vanquished.

Grand Total: 13 creatures vanquished

Notes
Turn   | Place    | Note
--------------------------------------------------------------
     0 | Zot      | BluebellGnoll, the Deep Dwarf Wizard, began the quest for the Orb.
     0 | Zot      | Reached XP level 1. HP: 15/15 MP: 3/3
   229 | Zot      | Reached skill level 3 in Spellcasting
   231 | Zot      | Reached XP level 2. HP: 20/22 MP: 0/6
   265 | Zot      | Noticed Kimnias
   292 | Zot      | Incinerated by Kimnias

Action                   || total
-------------------------++-------
Melee: Unarmed           ||    79
 Cast: Magic Dart        ||    16
 Abil: Make oklob saplin ||     1
  Use: Potion            ||     5
